 Dungeon Crawl Stone Soup version 0.21-a0-440-g28109cb (webtiles) character file.

646 JackS81 the Changer (level 7, -4/57 HPs)
             Began as a Naga Transmuter on Nov 11, 2017.
             Was an Initiate of Cheibriados.
             Slain by a water moccasin (8 damage)
             ... on level 5 of the Dungeon.
             The game lasted 00:22:34 (5845 turns).

JackS81 the Changer (Naga Transmuter)               Turns: 5845, Time: 00:22:35

Health: -4/57      AC:  3    Str: 14    XL:     7   Next: 52%
Magic:  17/19      EV: 10    Int: 21    God:    Cheibriados [......]
Gold:   244        SH:  0    Dex: 12    Spells: 4/10 levels left

rFire    . . .     SeeInvis +     - Unarmed
rCold    . . .     Gourm    .   (no shield)
rNeg     . . .     Faith    .   b - +0 robe
rPois    +         Spirit   .   (no helmet)
rElec    .         Reflect  .   (no cloak)
rCorr    .         Harm     .   (no gloves)
MR       +....                  (no barding)
Stlth    ++........             (no amulet)
HPRegen  0.19/turn              s - ring of magical power
MPRegen  0.16/turn              p - ring of protection from magic

@: brilliant, lethally poisoned (-4 -> -31), very slow
A: see invisible, deformed body, poison resistance, slowness 2, slow metabolism
1, spit poison 1, AC +2
a: Spit Poison, Bend Time, Renounce Religion


You were on level 5 of the Dungeon.
You worshipped Cheibriados.
Cheibriados was noncommittal.
You were hungry.

You visited 2 branches of the dungeon, and saw 6 of its levels.

You collected 244 gold pieces.

Inventory:

Hand Weapons
 h - a +0 hunting sling
 r - a +0 hunting sling
Missiles
 a - 86 arrows
 g - 39 sling bullets
 D - 18 bolts
Armour
 b - a +0 robe (worn)
 j - a +0 buckler
Jewellery
 n - a +3 ring of strength
 p - a ring of protection from magic (right hand)
 s - a ring of magical power (left hand)
Wands
 o - a wand of disintegration (12/24)
 w - a wand of scattershot (3/9)
Scrolls
 e - 2 scrolls of recharging {unknown}
 f - a scroll of magic mapping
 k - a scroll of teleportation
 v - a scroll of enchant armour {unknown}
 y - a scroll of remove curse
 B - a scroll of identify
Potions
 t - a potion of lignification
 u - 2 potions of brilliance
 x - a potion of agility {unknown}
 z - a potion of curing {unknown}
 A - a potion of heal wounds {unknown}
 C - a potion of flight
Books
 c - a book of Changes

   Spells                             Type                      Level
   a - Beastly Appendage              Transmutation                1
   b - Sticks to Snakes               Transmutation                2
   c - Spider Form                    Transmutation/Poison         3
   d - Ice Form                       Ice/Transmutation            4
   e - Blade Hands                    Transmutation                5
 q - a book of Cantrips

   Spells                             Type                      Level
   a - Confusing Touch                Hexes                        1
   b - Animate Skeleton               Necromancy                   1
   c - Summon Small Mammal            Summoning                    1
   d - Apportation                    Translocation                1
Comestibles
 d - 5 bread rations
 i - 3 royal jellies
 l - 3 meat rations
 m - 4 fruits


   Skills:
 - Level 1.0 Fighting
 - Level 1.5 Dodging
 + Level 3.9 Stealth
 + Level 4.4 Unarmed Combat
 - Level 2.0 Spellcasting
 * Level 6.9 Transmutations
 - Level 1.0 Poison Magic


You had 4 spell levels left.
You knew the following spells:

 Your Spells              Type           Power        Failure   Level  Hunger
a - Beastly Appendage     Tmut           #####.       1%          1    #......
b - Sticks to Snakes      Tmut           #####...     1%          2    ##.....
c - Spider Form           Tmut/Pois      ####......   1%          3    ###....


Dungeon Overview and Level Annotations

Branches:
Dungeon (5/15)             Temple (1/1) D:4

Altars:
Ashenzari
Cheibriados
Dithmenos
Elyvilon
Gozag
Hepliaklqana
Kikubaaqudgha
Makhleb
Okawaru
Qazlal
Ru
Sif Muna
Trog
Vehumet
Wu Jian
Xom
Zin
The Shining One


Innate Abilities, Weirdness & Mutations

You cannot wear boots.
Your serpentine skin is tough. (AC +2)
You have supernaturally acute eyesight. (SInv)
Armour fits poorly on your strangely shaped body.
Your system is resistant to poisons. (rPois)
You cover ground very slowly.
You have a slow metabolism.
You can spit poison.


Message History

Your transformation has ended.
Your +0 robe unmelds from your body.
You feel very sick.
You miss the water moccasin.
The water moccasin is almost dead.
You feel very sick. The water moccasin bites you.
The water moccasin bites you but does no damage.
Casting: Spider Form
Confirm with . or Enter, or press ? or * to list all spells.
You create a snake!
You now have 86 arrows.
* * * LOW HITPOINT WARNING * * *
You feel very sick. The water moccasin bites you!
* * * LOW HITPOINT WARNING * * *
It was a potion of brilliance.
You feel clever all of a sudden.
* * * LOW HITPOINT WARNING * * *
You feel sick. The water moccasin misses you. The water moccasin bites you!
You die...

#$...# #
#....# ..
#....# .#
#....###.#
#........#
#.......#
#.......##..
#...........
##.@S...####
#...S...+
#.......##
#.#<.....#
#.######.#
#. .# # #


You could see a water moccasin and a friendly ball python.

Vanquished Creatures
  A hippogriff (D:4)
  2 howler monkeys
  An orc priest (D:4)
  A centaur skeleton (D:4)
  A hound (D:4)
  2 orc wizards (D:4)
  Ijyb (D:3)
  Terence (D:3)
  Natasha (twice) (D:3)
  3 adders
  An adder skeleton (D:4)
  A worm (D:3)
  3 dart slugs (D:1)
  2 leopard geckos (D:2)
  9 bats
  A giant cockroach (D:2)
  5 goblins
  8 hobgoblins
  10 jackals
  2 quokkas
  3 frilled lizards
  4 kobolds (D:2)
  7 rats
71 creatures vanquished.

Vanquished Creatures (collateral kills)
  A scorpion (D:4)
  Jessica (D:3)
  Natasha (D:3)
  An adder (D:3)
  A worm (D:2)
  An orc (D:4)
  A giant cockroach (D:4)
  A ball python (D:3)
  A bat (D:3)
  A frilled lizard (D:3)
10 creatures vanquished.

Grand Total: 81 creatures vanquished

Notes
Turn   | Place    | Note
-------+----------+-------------------------------------------
     0 | D:1      | JackS81 the Naga Transmuter began the quest for the Orb.
     0 | D:1      | Reached XP level 1. HP: 18/18 MP: 3/3
     0 | D:1      | Noticed a merfolk zombie
    10 | D:1      | Noticed a merfolk zombie
    97 | D:1      | Reached XP level 2. HP: 13/25 MP: 3/5
   373 | D:1      | Learned a level 2 spell: Sticks to Snakes
   480 | D:1      | Reached skill level 3 in Transmutations
   791 | D:1      | Reached XP level 3. HP: 7/31 MP: 4/6
  1435 | D:2      | Reached skill level 1 in Stealth
  1507 | D:2      | Found a faded altar of an unknown god.
  1890 | D:2      | Learned a level 3 spell: Spider Form
  2415 | D:2      | Reached XP level 4. HP: 22/38 MP: 5/7
  2418 | D:2      | Reached skill level 4 in Transmutations
  3040 | D:3      | Noticed Jessica
  3040 | D:3      | Noticed Natasha
  3243 | D:3      | Killed Jessica
  3256 | D:3      | Killed Natasha
  3256 | D:3      | Reached skill level 1 in Poison Magic
  3661 | D:3      | Reached XP level 5. HP: 32/44 MP: 8/8
  3730 | D:3      | Noticed Natasha
  3743 | D:3      | Killed Natasha
  3772 | D:3      | Noticed Ijyb
  3936 | D:3      | Killed Ijyb
  3936 | D:3      | Reached skill level 5 in Transmutations
  4249 | D:3      | Noticed Natasha
  4253 | D:3      | Noticed Terence
  4263 | D:3      | Killed Natasha
  4268 | D:3      | Killed Terence
  4268 | D:3      | Reached XP level 6. HP: 33/51 MP: 9/9
  4847 | D:4      | Noticed a hippogriff
  4867 | D:4      | Killed a hippogriff
  4867 | D:4      | Reached skill level 6 in Transmutations
  4867 | D:4      | Reached XP level 7. HP: 16/57 MP: 10/10
  5149 | D:4      | Found an ancient bone altar of Kikubaaqudgha.
  5342 | D:4      | Found an iron altar of Okawaru.
  5360 | D:4      | Found a white marble altar of Elyvilon.
  5363 | D:4      | Found a sacrificial altar of Ru.
  5612 | D:4      | Found a staircase to the Ecumenical Temple.
  5620 | Temple   | Entered the Ecumenical Temple
  5690 | Temple   | Became a worshipper of Cheibriados the Contemplative
  5821 | D:5      | Entered Level 5 of the Dungeon
  5845 | D:5      | Slain by a water moccasin

Vault maps used:
D:1:      shiori_arrival_whats_in_store_for_you
D:2:      chequers_ecumenical_altar_island, minmay_misc_feat_tower
D:3:      uniq_jessica, uniq_natasha, uniq_ijyb, uniq_terence
D:4:      grunt_temple_overflow_cloverleaf, minmay_temple_entry_butterflies,
          first_bread
D:5:      basic_altar, minmay_misc_feat_diagonals, supply_closet_lemuel
Temple:   eino_temple_lava

Skill      XL: |  1  2  3  4  5  6  7 |
---------------+----------------------+-----
Transmutations | 3 4 5 6 |  6.9
Stealth        | 1 2 3 |  3.9
Poison Magic   | 1 |  1.0
Unarmed Combat | 4 |  4.4
Fighting       | |  1.0
Dodging        | |  1.5
Spellcasting   | |  2.0

Action                   |  1- 3 |  4- 6 |  7- 9 || total
-------------------------+-------+-------+-------++-------
Melee: Unarmed           |   153 |   138 |    32 ||   323
       Headbutt          |    19 |     9 |       ||    28
       Punch             |     2 |     1 |       ||     3
 Cast: Beastly Appendage |    31 |    12 |       ||    43
       Sticks to Snakes  |     1 |    16 |     8 ||    25
       Spider Form       |       |     6 |     5 ||    11
 Abil: Spit Poison       |       |     1 |       ||     1
  Use: Scroll            |     4 |     3 |       ||     7
       Potion            |       |     2 |     1 ||     3
 Stab: Sleeping          |     2 |     2 |       ||     4
       Distracted        |       |     1 |       ||     1
  Eat: Chunk             |     4 |     4 |     3 ||    11
       Bread ration      |       |     1 |       ||     1
Armor: Robe              |    42 |    27 |     2 ||    71
       Skin              |       |    25 |       ||    25
Dodge: Dodged            |    85 |    93 |    24 ||   202

Table legend:
 A = Spawn XP
 B = Non-spawn XP
 C = Spawn XP percentage of total XP
 D = Spawn monster count
 E = Non-spawn monster count
 F = Spawn count percentage of total count
 G = Total turns spent on level
                    A         B        C        D         E        F      G
               +---------+---------+-------+---------+---------+-------+---------
         Total |       0 |     924 |   0.0 |       0 |      81 |   0.0 |  5845
               +---------+---------+-------+---------+---------+-------+---------
           D:1 |       0 |      37 |   0.0 |       0 |      19 |   0.0 |  1196
           D:2 |       0 |      53 |   0.0 |       0 |      28 |   0.0 |  1777
           D:3 |       0 |     236 |   0.0 |       0 |      20 |   0.0 |  1626
           D:4 |       0 |     543 |   0.0 |       0 |      13 |   0.0 |  1138
           D:5 |       0 |      55 |   0.0 |       0 |       1 |   0.0 |    24
               +---------+---------+-------+---------+---------+-------+---------
